 Dungeon Crawl Stone Soup version 0.20.0-7-g3b7b877 (webtiles) character file.

3801 greprep the Blocker (level 9, -4/79 HPs)
             Began as a Minotaur Fighter on May 29, 2017.
             Was a Follower of Qazlal.
             Killed by divine providence
             ... invoked by an orc priest
              (11 damage)
             ... on level 9 of the Dungeon.
             The game lasted 00:17:01 (7909 turns).

greprep the Blocker (Minotaur Fighter)              Turns: 7909, Time: 00:17:02

Health: -4/79      AC: 10    Str: 22 (24) XL:     9   Next: 96%
Magic:  8/8        EV: 11    Int:  8 (10) God:    Qazlal [*.....]
Gold:   322        SH: 12    Dex:  7 (10) Spells: 8/8 levels left

rFire    + + +     SeeInvis .   o - +8 club
rCold    + . .     Gourm    +   c - +0 shield
rNeg     . . .     Faith    .   x - +2 ring mail {rF+}
rPois    +         Spirit   .   (helmet restricted)
rElec    +         Reflect  .   (no cloak)
rCorr    +         Harm     .   (no gloves)
MR       .....                  (no boots)
Stlth    ..........             k - amulet of the gourmand
Regen    0.7/turn               v - ring of resist corrosion
MPRegen  0.2/turn               (no ring)

@: brilliant, lethally poisoned (-4 -> -4), resistant
A: retaliatory headbutt, horns 2, molten scales 1, blurry vision 1, fire
resistance 1, regeneration 1
a: Renounce Religion


You were on level 9 of the Dungeon.
You worshipped Qazlal.
Qazlal was aware of your devotion.
You were very full.

You visited 2 branches of the dungeon, and saw 10 of its levels.

You collected 322 gold pieces.

Inventory:

Hand Weapons
 a - a +0 long sword
 g - a +1 vampiric trident
 o - a +8 club (weapon)
Armour
 c - a +0 shield (worn)
 x - a +2 ring mail of fire resistance (worn)
 C - the +4 robe "Caorr" {+Fly Str+3 Int+3 Dex-4}
   (You found it on level 7 of the Dungeon)

   It affects your strength (+3).
   It affects your intelligence (+3).
   It affects your dexterity (-4).
   It lets you fly.
Jewellery
 k - an amulet of the gourmand (around neck)
 v - a ring of resist corrosion (left hand)
Wands
 n - a wand of flame (22/48)
 w - a wand of flame (12/48)
 E - a wand of scattershot (4/9)
Scrolls
 b - a scroll of blinking {unknown}
 e - 11 scrolls of identify {unknown}
 f - 2 scrolls of recharging {unknown}
 i - a scroll of amnesia {unknown}
 j - 4 scrolls of enchant armour {unknown}
 l - 3 scrolls of teleportation
 r - a scroll of random uselessness {unknown}
 s - 2 scrolls of fear {unknown}
 t - 2 scrolls of enchant weapon {unknown}
 u - a scroll of fog {unknown}
 y - a scroll of noise {unknown}
 D - a scroll of remove curse {unknown}
Potions
 d - 3 potions of might
 h - 2 potions of resistance
 m - a potion of brilliance
Comestibles
 p - 3 bread rations
 q - a meat ration


   Skills:
 * Level 7.5 Fighting
 - Level 4.1 Long Blades
 * Level 8.6 Maces & Flails
 * Level 8.0 Armour
 * Level 5.5 Dodging
 * Level 9.2 Shields
 * Level 0.6 Invocations


You had 8 spell levels left.
You didn't know any spells.

Dungeon Overview and Level Annotations

Branches:
Dungeon (9/15)             Temple (1/1) D:5
   Lair: D:8-11         Orc: D:9-12

Altars:
Ashenzari
Cheibriados
Dithmenos
Elyvilon
Fedhas
Gozag
Hepliaklqana
Kikubaaqudgha
Makhleb
Nemelex Xobeh
Okawaru
Qazlal
Ru
Sif Muna
Trog
Uskayaw
Vehumet
Xom
Yredelemnul
The Shining One

Shops:
D:4 :   D:6 %


Innate Abilities, Weirdness & Mutations

You reflexively headbutt those who attack you in melee.
You have a pair of horns on your head.
You are partially covered in molten scales. (AC +2)
Scrolls take you a little longer to read.
Your flesh is heat resistant. (rF+)
Your natural rate of healing is unusually fast.


Message History

* * * LOW HITPOINT WARNING * * *
You block the orc's attack.
It was a potion of degeneration.
There was something very wrong with that liquid.
You feel weakened.
You feel dopey.
You feel clumsy. The adder bites you but does no damage.
The worker ant is engulfed in freezing vapours.
You kill the worker ant!
Qazlal accepts your kill. You block the adder's attack.
An orc comes into view. It is wielding a club.
Really read with blurry vision while enemies are nearby?
You feel sick.
The orc shouts!
The orc barely misses you.
You begin reading the scroll.
You continue reading the scroll.
The adder bites you but does no damage.
The orc priest mumbles some strange prayers to Beogh against you.
Beogh smites you!
You die...

# #######
..#..?..##
........?##
.r......§.#
oo.oo.S@>.#
...?..§.o.#
...W......#
..........#
.........##
.......$..
#..#######
...


You could see a hungry ghost, an orc priest, an orc wizard, an adder, 3 orcs and
a quokka.

Vanquished Creatures
  2 hippogriffs (D:7)
  Duvessa (D:7)
  2 ice beasts
  2 orc warriors
  3 phantoms
  An ogre (D:4)
  5 centaurs
  Dowan (D:7)
  4 bullfrogs
  8 killer bees
  4 wights (D:6)
  3 crimson imps (D:5)
  3 howler monkeys
  A bullfrog zombie (D:5)
  4 hounds
  2 jellies
  6 orc priests
  4 orc wizards
  A centaur skeleton (D:8)
  A gnoll shaman (D:4)
  Jessica (D:3)
  Ijyb (D:5)
  2 iguanas
  7 worker ants
  A hound skeleton (D:6)
  A worker ant zombie (D:5)
  6 gnolls
  11 adders
  2 shadow imps (D:5)
  2 oozes
  An adder zombie (D:6)
  2 adder skeletons
  3 worms
  2 dart slugs (D:2)
  3 leopard geckos (D:5)
  26 orcs
  2 ball pythons
  4 giant cockroaches
  5 goblins
  4 hobgoblins
  9 jackals
  9 kobolds
  2 quokkas
  5 bats
  5 frilled lizards
  A quokka skeleton (D:6)
  15 rats
190 creatures vanquished.

Notes
Turn   | Place    | Note
-------+----------+-------------------------------------------
     0 | D:1      | greprep the Minotaur Fighter began the quest for the Orb.
     0 | D:1      | Reached XP level 1. HP: 19/19 MP: 0/0
   222 | D:1      | Reached XP level 2. HP: 27/27 MP: 1/1
   393 | D:1      | Reached skill level 4 in Shields
   581 | D:1      | Reached XP level 3. HP: 33/33 MP: 2/2
   827 | D:2      | Found a glowing golden altar of the Shining One.
   887 | D:2      | Found a shattered altar of Ashenzari.
   932 | D:2      | Found an iron altar of Okawaru.
   967 | D:2      | Found a radiant altar of Vehumet.
  1114 | D:2      | Reached XP level 4. HP: 39/40 MP: 3/3
  1132 | D:2      | Found a shadowy altar of Dithmenos.
  1133 | D:2      | Found a white marble altar of Elyvilon.
  1416 | D:2      | Found a hide-covered altar of Uskayaw.
  1418 | D:2      | Found a bloodstained altar of Trog.
  1562 | D:3      | Reached skill level 1 in Dodging
  1845 | D:3      | Reached XP level 5. HP: 44/47 MP: 4/4
  1975 | D:3      | Noticed Jessica
  1980 | D:3      | Killed Jessica
  2321 | D:4      | Noticed an ogre
  2330 | D:4      | Killed an ogre
  2330 | D:4      | Reached skill level 5 in Armour
  2330 | D:4      | Reached skill level 5 in Shields
  2330 | D:4      | Reached XP level 6. HP: 45/55 MP: 5/5
  2347 | D:4      | Found Gazag's Book Shoppe.
  2416 | D:4      | Reached skill level 1 in Maces & Flails
  2649 | D:3      | Reached skill level 5 in Fighting
  3340 | D:4      | Reached XP level 7. HP: 52/61 MP: 6/6
  3356 | D:4      | Found a burning altar of Makhleb.
  3570 | D:5      | Entered Level 5 of the Dungeon
  3667 | D:5      | Reached skill level 6 in Shields
  4026 | D:5      | Found a staircase to the Ecumenical Temple.
  4043 | Temple   | Entered the Ecumenical Temple
  4545 | D:5      | Noticed Ijyb
  4572 | D:5      | Killed Ijyb
  4579 | D:5      | Reached XP level 8. HP: 30/70 MP: 7/7
  5106 | D:6      | Reached skill level 5 in Maces & Flails
  5310 | D:6      | Found Nibef's Food Shop.
  5317 | D:6      | Reached skill level 7 in Shields
  5643 | D:6      | Found a sacrificial altar of Ru.
  6022 | D:7      | Noticed Duvessa
  6022 | D:7      | Noticed Dowan
  6022 | D:7      | Noticed a hippogriff
  6054 | D:7      | Found a stormy altar of Qazlal.
  6060 | D:7      | Became a worshipper of Qazlal Stormbringer
  6073 | D:7      | Killed Duvessa
  6073 | D:7      | Reached XP level 9. HP: 64/78 MP: 8/8
  6123 | D:7      | Killed Dowan
  6318 | D:7      | Got a faintly glowing robe
  6330 | D:7      | Identified the +4 robe "Caorr" {+Fly Str+3 Int+3 Dex-4} (You found it on level 7 of the Dungeon)
  6384 | D:7      | Found a sparkling altar of Nemelex Xobeh.
  6470 | D:7      | Reached skill level 8 in Shields
  7221 | D:7      | Reached skill level 5 in Dodging
  7611 | D:7      | Reached skill level 9 in Shields
  7753 | D:8      | Reached * piety under Qazlal
  7906 | D:9      | Gained mutation: Your flesh is heat resistant. (rF+) [potion of mutation]
  7906 | D:9      | Gained mutation: Scrolls take you a little longer to read. [potion of mutation]
  7906 | D:9      | Gained mutation: You are partially covered in molten scales. (AC +2) [potion of mutation]
  7906 | D:9      | Gained mutation: Your natural rate of healing is unusually fast. [potion of mutation]
  7909 | D:9      | Killed from afar by an orc priest

Skill      XL: |  1  2  3  4  5  6  7  8  9 |
---------------+----------------------------+-----
Armour         | 4 5 6 8 |  8.0
Shields        | 4 5 6 7 9 |  9.2
Fighting       | 4 5 6 7 |  7.5
Long Blades    | 3 4 |  4.1
Dodging        | 1 2 3 4 5 |  5.5
Maces & Flails | 2 4 7 8 |  8.6
Invocations    | |  0.6

Action                   |  1- 3 |  4- 6 |  7- 9 || total
-------------------------+-------+-------+-------++-------
Melee: Long sword        |   103 |    54 |       ||   157
       Headbutt          |    15 |    25 |    58 ||    98
       Club              |       |    72 |   348 ||   420
  Use: Potion            |       |       |     7 ||     7
       Scroll            |       |       |     2 ||     2
  Eat: Royal jelly       |     1 |       |     3 ||     4
       Bread ration      |       |     1 |       ||     1
       Chunk             |       |     3 |    13 ||    16
       Fruit             |       |       |     1 ||     1
Armor: Scale mail        |    37 |       |       ||    37
       Leather armour    |     3 |    42 |    27 ||    72
       Ring mail         |       |       |    71 ||    71
Dodge: Dodged            |    38 |    53 |   143 ||   234
Block: Shield            |    63 |    65 |   246 ||   374
       Rpst.: Long sword |     6 |     9 |       ||    15
